cohdb
Replays
Latest Replays
All Replays
Popular Replays
Top Player Replays
Match Explorer
How It Works
Community
CoH3 Stats
Reddit
Sign in to upload your games and track your stats! →
Sign in with Steam
Match 41478101
Unlisted
Match 41478101
Overview
Messages
Build Orders
End
Construct Section Command Post
Royal Engineer Section
Dingo Light Scout Car
Infantry Section
Infantry Section
Construct Platoon Command Post
Humber Armored Car
Selects Heavy Armor Battlegroup
Selects Engineer Detachments
Unlock M3 Stuart Light Tanks
ML 3-inch Mortar Team
Infantry Section
M3 Stuart Light Tank
M3 Stuart Light Tank
M3 Stuart Light Tank
Light Vehicle Training
M3 Stuart Light Tank
M3 Stuart Light Tank
M3 Stuart Light Tank
Selects Light Vehicle Withdraw and Refit
Selects Radio Net
Selects Recon Artillery
Recon Artillery
Weebanori
Tatari◑。
Fhilly
EF-2000
哦嗦嘎达
Victor #52
Cockstar
mbkm
0
0
Comments
sign in to comment!
No comments posted yet!